Islanders vs Devils

Created - 24 octobre 2023 at 11:45

Goals
1 2 3 T
Islanders 0 1 0 1
Devils 1 1 0 2
Shots
1 2 3 T
Islanders 4 7 9 20
Devils 13 11 6 30

GoalsPenalties
1st period
1. Devils , Logan Couture 5 (Victor Hedman 6, Viktor Arvidsson 6) at 7:08
Kyle Burroughs (NYI) for Slashing (Minor) at 11:38
2nd period
2. Devils , Tyler Seguin 4 (Roope Hintz 12, Eetu Luostarinen 7) at 3:17
3. Islanders , Brock McGinn 7 (Kyle Burroughs 2, Josh Bailey 13) at 13:21
Caleb Jones (NYI) for Hooking (Minor) at 0:17
Stuart Skinner (NJD) for Slashing (Minor) at 11:17 - Morgan Frost served the penalty
Kyle Burroughs (NYI) for Diving (Minor) at 15:23
Erik Haula (NJD) for Hooking (Minor) at 19:59
3rd period
No Goal
Henri Jokiharju (NJD) for Holding (Minor) at 8:45
Goalie Stats
Mike Smith (NYI), 28 saves from 30 shots - (0,933), L, 1-10-0, 60:00 minutes
Stuart Skinner (NJD), 19 saves from 20 shots - (0,950), W, 11-2-3, 60:00 minutes
3 StarsOfficial
1 - Tyler Seguin (NJD)
2 - Logan Couture (NJD)
3 - Victor Hedman (NJD)
Referees : Chris Lee and Chelsea Rapin
Linesman : Devin Berg and Kendall Hanley
Game Note
No Game Note
Finance
Level 1 -- Attendance: 4888 (81%) -- Ticket Income $488,800
Level 2 -- Attendance: 3517 (70%) -- Ticket Income $211,020
Level 3 -- Attendance: 2272 (75%) -- Ticket Income $90,880
Level 4 -- Attendance: 3367 (84%) -- Ticket Income $67,340
Luxury Box -- Attendance: 928 (93%) -- Ticket Income $185,600
Game was played at the Continental Airlines Arena.
Total Attendance: 14972 (79%)
Total Ticket Income: $1,043,640
Other Income: $313,092
Total Income: $1,356,732



Team Name Goals Shots Shots Attemp Shots Blocked PIM HIT PP PK FO%
Islanders 1203886160 / 3 (0%)028%
Devils 23061106120 / 3 (0%)072%

Islanders
Player Name POS G A P +/- PIM HIT SHT SB MP PP MP PP SHT PK MP PK SHT FO% FOT GA TA
Brock McGinnLW/RW1010008022:014:0403:050100% 102
Caleb JonesD000-1201223:392:3702:0600% 001
Christian WolaninD0000020013:110:0000:0000% 001
Dylan CoghlanD0000030118:500:0003:1300% 000
Filip ZadinaLW/RW0000001011:550:2000:0000% 110
Jakub VoracekLW/RW0000010014:011:3300:330100% 101
Josh ArchibaldLW/RW0000021113:123:2000:0000% 100
Josh BaileyLW/RW0110002022:014:0403:05023% 2600
Kyle BurroughsD0110421020:143:2000:5800% 000
Milan LucicLW/RW0000011016:571:3302:1900% 001
Nicklas BackstromC0001001016:144:0410:33030% 1010
Ondrej KaseRW000-100209:460:0000:0000% 000
Rasmus AsplundC/LW0000001010:580:2000:00075% 410
Rasmus KupariC/LW/RW000-1000014:561:3302:1900% 400
Robert BortuzzoD000-2030121:570:0002:4400% 000
Simon HolmstromRW0000010110:430:2000:0000% 000
Sonny MilanoLW/RW000-1001115:482:3700:0000% 230
Will ButcherD0000010117:370:0002:5300% 002
Devils
Player Name POS G A P +/- PIM HIT SHT SB MP PP MP PP SHT PK MP PK SHT FO% FOT GA TA
Eetu LuostarinenC/LW0111003016:400:0202:4200% 010
Erik HaulaC/LW000-1201117:180:0002:18086% 700
Filip ChytilC/LW0000001016:232:4510:0000% 001
Gustav ForslingD000-1020220:323:1702:3800% 002
Henri JokiharjuD0000200215:100:0200:0000% 000
Jesper BrattLW/RW0000004018:322:4900:3200% 130
Johnathan KovacevicD000-1010017:290:0202:3800% 001
Logan CoutureC1010025017:322:5803:17069% 1620
Morgan FrostC000-100118:130:0000:00083% 600
Peyton KrebsC/LW000001208:080:0000:0000% 000
Roope HintzC0111021019:032:5702:23060% 1500
Ryan PulockD0002011123:521:4803:1900% 001
Teuvo TeravainenLW/RW0001003020:050:2300:420100% 100
Torey KrugD0000010116:592:4600:0000% 000
Tyler SeguinC/RW1011024017:052:5700:000100% 310
Urho VaakanainenD000000000:000:0000:0000% 000
Victor HedmanD0112003126:054:0103:1900% 001
Viktor ArvidssonLW/RW0111001114:552:5800:000100% 110

Islanders

5 vs 5 Forward
Line #Left WingCenterRight WingPHYDFOFWanted %Time %Time Play
1Sonny MilanoJosh BaileyBrock McGinn1224029%13:41
2Jakub VoracekNicklas BackstromMilan Lucic0233028%13:05
3Josh ArchibaldRasmus KupariOndrej Kase2212021%9:46
4Simon HolmstromRasmus AsplundFilip Zadina0231022%10:22
5 vs 5 Defense
Line #DefenseDefensePHYDFOFWanted %Time %Time Play
1Robert BortuzzoCaleb Jones2304040%18:36
2Kyle BurroughsDylan Coghlan2303032%14:58
3Will ButcherChristian Wolanin2302528%13:02
4Robert BortuzzoCaleb Jones32051%0:18
Power Play Forward
Line #Left WingCenterRight WingPHYDFOFWanted %Time %Time Play
1Josh BaileyNicklas BackstromBrock McGinn0056074%4:24
2Jakub VoracekRasmus KupariMilan Lucic0054026%1:33
Power Play Defense
Line #DefenseDefensePHYDFOFWanted %Time %Time Play
1Sonny MilanoCaleb Jones0056044%2:37
2Josh ArchibaldKyle Burroughs0054056%3:20
Penalty Kill 4 Players Forward
Line #CenterWingPHYDFOFWanted %Time %Time Play
1Josh BaileyBrock McGinn0505561%3:38
2Rasmus KupariMilan Lucic0504539%2:19
Penalty Kill 4 Players Defense
Line #DefenseDefensePHYDFOFWanted %Time %Time Play
1Robert BortuzzoCaleb Jones0505552%3:07
2Kyle BurroughsDylan Coghlan0504548%2:50
Penalty Kill 3 Players
Line #WingPHYDFOFWanted %Time %Time PlayDefenseDefensePHYDFOFWanted %Time %Time Play
1Brock McGinn050500%0:00 Robert BortuzzoCaleb Jones050500%0:00
2Rasmus Kupari050500%0:00 Kyle BurroughsDylan Coghlan050500%0:00
4 vs 4 Forward
Line #CenterWingPHYDFOFWanted %Time %Time Play
1Nicklas BackstromJosh Bailey131650%0:00
2Rasmus KupariBrock McGinn221350%0:00
4 vs 4 Defense
Line #DefensePHYDFOFWanted %Time %Time Play
1Robert BortuzzoCaleb Jones230650%0:00
2Kyle BurroughsDylan Coghlan140350%0:00
Last Minutes Offensive
Left WingCenterRight WingDefenseDefense
Josh BaileyNicklas BackstromBrock McGinnSonny MilanoCaleb Jones
Last Minutes Defensive
Left WingCenterRight WingDefenseDefense
Josh BaileyRasmus KupariBrock McGinnRobert BortuzzoCaleb Jones
Time
Total ForwardTotal DefenseLast Minutes OffensiveLast Minutes Defensive
60:00 60:00 1:120:00
Extra Forwards
Normal PowerPlayPenalty Kill
Filip Zadina, Rasmus Kupari, Josh BaileyFilip Zadina, Sonny MilanoMilan Lucic
Extra Defensemen
Normal PowerPlayPenalty Kill
Kyle Burroughs, Caleb Jones, Robert BortuzzoRobert Bortuzzo, Kyle BurroughsCaleb Jones
Penalty Shots
Josh Bailey, Sonny Milano, Brock McGinn, Caleb Jones, Filip Zadina
Goalie
Mike Smith, Chris Driedger
Scratches
Carl Hagelin (Healthy), Nicolas Meloche (Sprained Right Ankle Injury), Rocco Grimaldi (Healthy)

Devils

5 vs 5 Forward
Line #Left WingCenterRight WingPHYDFOFWanted %Time %Time Play
1Teuvo TeravainenLogan CoutureViktor Arvidsson0232824%11:19
2Eetu LuostarinenRoope HintzTyler Seguin0232830%13:53
3Filip ChytilErik HaulaJesper Bratt0232829%13:37
4Peyton KrebsMorgan FrostTeuvo Teravainen0231617%8:08
5 vs 5 Defense
Line #DefenseDefensePHYDFOFWanted %Time %Time Play
1Victor HedmanRyan Pulock0324040%18:36
2Gustav ForslingHenri Jokiharju0323031%14:30
3Torey KrugJohnathan Kovacevic0323029%13:51
4Victor HedmanRyan Pulock03200%0:00
Power Play Forward
Line #Left WingCenterRight WingPHYDFOFWanted %Time %Time Play
1Filip ChytilRoope HintzTyler Seguin0055050%2:59
2Jesper BrattLogan CoutureViktor Arvidsson0055050%2:58
Power Play Defense
Line #DefenseDefensePHYDFOFWanted %Time %Time Play
1Torey KrugVictor Hedman0055046%2:46
2Gustav ForslingVictor Hedman0055054%3:11
Penalty Kill 4 Players Forward
Line #CenterWingPHYDFOFWanted %Time %Time Play
1Logan CoutureErik Haula0505060%3:34
2Roope HintzEetu Luostarinen0055040%2:23
Penalty Kill 4 Players Defense
Line #DefenseDefensePHYDFOFWanted %Time %Time Play
1Victor HedmanRyan Pulock0505056%3:19
2Gustav ForslingJohnathan Kovacevic0505044%2:38
Penalty Kill 3 Players
Line #WingPHYDFOFWanted %Time %Time PlayDefenseDefensePHYDFOFWanted %Time %Time Play
1Erik Haula050500%0:00 Victor HedmanRyan Pulock050500%0:00
2Eetu Luostarinen050500%0:00 Gustav ForslingJohnathan Kovacevic050500%0:00
4 vs 4 Forward
Line #CenterWingPHYDFOFWanted %Time %Time Play
1Logan CoutureViktor Arvidsson023500%0:00
2Roope HintzTyler Seguin023500%0:00
4 vs 4 Defense
Line #DefensePHYDFOFWanted %Time %Time Play
1Victor HedmanRyan Pulock032500%0:00
2Gustav ForslingTorey Krug032500%0:00
Last Minutes Offensive
Left WingCenterRight WingDefenseDefense
Jesper BrattLogan CoutureViktor ArvidssonVictor HedmanTorey Krug
Last Minutes Defensive
Left WingCenterRight WingDefenseDefense
Eetu LuostarinenErik HaulaTeuvo TeravainenVictor HedmanRyan Pulock
Time
Total ForwardTotal DefenseLast Minutes OffensiveLast Minutes Defensive
60:00 60:00 0:001:09
Extra Forwards
Normal PowerPlayPenalty Kill
Tyler Seguin, Jesper Bratt, Viktor ArvidssonTeuvo Teravainen, Eetu LuostarinenTeuvo Teravainen
Extra Defensemen
Normal PowerPlayPenalty Kill
Torey Krug, Henri Jokiharju, Victor HedmanRyan Pulock, Henri JokiharjuTorey Krug
Penalty Shots
Jesper Bratt, Roope Hintz, Logan Couture, Tyler Seguin, Viktor Arvidsson
Goalie
Stuart Skinner, Elvis Merzlikins
Scratches
Isac Lundestrom (Healthy)


Play-by-Play

1st period


0:01 of 1st period - Logan Couture wins face-off versus Josh Bailey in neutral zone.
1:53 of 1st period - Snap shot by Jakub Voracek.
1:53 of 1st period - Deflect By Ryan Pulock.
1:53 of 1st period - Shot Misses the Net.
1:53 of 1st period - Puck is out of play.
1:54 of 1st period - Erik Haula wins face-off versus Nicklas Backstrom in Devils zone.
1:54 of 1st period - Erik Haula is hit by Christian Wolanin.
2:20 of 1st period - Erik Haula is hit by Jakub Voracek and loses puck.
2:43 of 1st period - Wrist shot by Erik Haula.
2:43 of 1st period - Stopped by Mike Smith with a rebound.
2:50 of 1st period - Off-side.
2:51 of 1st period - Logan Couture wins face-off versus Josh Bailey in neutral zone.
3:00 of 1st period - Backhand shot by Logan Couture.
3:00 of 1st period - Stopped by Mike Smith with a rebound.
3:46 of 1st period - Victor Hedman is hit by Simon Holmstrom and loses puck.
4:39 of 1st period - Wrist shot by Jesper Bratt.
4:39 of 1st period - Shot Misses the Net.
5:48 of 1st period - Snap shot by Peyton Krebs.
5:48 of 1st period - Stopped by Mike Smith with a rebound.
6:17 of 1st period - Icing by Torey Krug.
6:18 of 1st period - Josh Bailey wins face-off versus Roope Hintz in Devils zone.
6:56 of 1st period - Off-side.
6:57 of 1st period - Logan Couture wins face-off versus Rasmus Kupari in neutral zone.
7:04 of 1st period - Snap shot by Logan Couture.
7:04 of 1st period - Shot Misses the Net.
7:06 of 1st period - Slapshot by Victor Hedman.
7:06 of 1st period - Shot Misses the Net.
7:08 of 1st period - Slapshot by Logan Couture.
7:08 of 1st period - Goal by Logan Couture - Islanders : 0 - Devils : 1.
7:09 of 1st period - Logan Couture wins face-off versus Josh Bailey in neutral zone.
7:41 of 1st period - Slapshot by Ondrej Kase.
7:41 of 1st period - Stopped by Stuart Skinner without a rebound.
7:42 of 1st period - Erik Haula wins face-off versus Josh Archibald in Devils zone.
7:51 of 1st period - Wrist shot by Ondrej Kase.
7:51 of 1st period - Stopped by Stuart Skinner with a rebound.
7:53 of 1st period - Slapshot by Will Butcher.
7:53 of 1st period - Shot Blocked by Erik Haula.
8:23 of 1st period - Icing by Gustav Forsling.
8:24 of 1st period - Morgan Frost wins face-off versus Josh Bailey in Devils zone.
8:24 of 1st period - Morgan Frost is hit by Robert Bortuzzo.
8:50 of 1st period - Erik Haula is hit by Robert Bortuzzo and loses puck.
8:59 of 1st period - Wrist shot by Erik Haula.
8:59 of 1st period - Shot Blocked by Caleb Jones.
9:21 of 1st period - Wrist shot by Eetu Luostarinen.
9:21 of 1st period - Stopped by Mike Smith with a rebound.
9:39 of 1st period - Snap shot by Viktor Arvidsson.
9:39 of 1st period - Stopped by Mike Smith with a rebound.
9:41 of 1st period - Slapshot by Teuvo Teravainen.
9:41 of 1st period - Shot Misses the Net.
9:43 of 1st period - Slapshot by Teuvo Teravainen.
9:43 of 1st period - Shot Blocked by Dylan Coghlan.
9:45 of 1st period - Slapshot by Victor Hedman.
9:45 of 1st period - Stopped by Mike Smith without a rebound.
9:46 of 1st period - Logan Couture wins face-off versus Josh Bailey in Islanders zone.
9:53 of 1st period - Snap shot by Logan Couture.
9:53 of 1st period - Stopped by Mike Smith with a rebound.
10:11 of 1st period - Nicklas Backstrom is hit by Tyler Seguin and loses puck.
10:18 of 1st period - Wrist shot by Roope Hintz.
10:18 of 1st period - Deflect By Tyler Seguin.
10:18 of 1st period - Stopped by Mike Smith with a rebound.
10:20 of 1st period - Slapshot by Ryan Pulock.
10:20 of 1st period - Shot Blocked by Will Butcher.
10:36 of 1st period - Snap shot by Jesper Bratt.
10:36 of 1st period - Stopped by Mike Smith without a rebound.
10:37 of 1st period - Erik Haula wins face-off versus Rasmus Kupari in Islanders zone.
11:33 of 1st period - Snap shot by Jesper Bratt.
11:33 of 1st period - Stopped by Mike Smith with a rebound.
11:35 of 1st period - Slapshot by Victor Hedman.
11:35 of 1st period - Stopped by Mike Smith without a rebound.
11:36 of 1st period - Brock McGinn wins face-off versus Logan Couture in Islanders zone.
11:38 of 1st period - Minor Penalty to Kyle Burroughs for Slashing.
11:39 of 1st period - Logan Couture wins face-off versus Josh Bailey in Islanders zone.
11:41 of 1st period - Snap shot by Viktor Arvidsson.
11:41 of 1st period - Shot Misses the Net.
11:43 of 1st period - Wrist shot by Victor Hedman.
11:43 of 1st period - Shot Misses the Net.
12:36 of 1st period - Robert Bortuzzo is hit by Roope Hintz and loses puck.
13:38 of 1st period - Penalty to Kyle Burroughs is over, Kyle Burroughs is back on ice.
13:47 of 1st period - Slapshot by Morgan Frost.
13:47 of 1st period - Shot Misses the Net.
14:29 of 1st period - Wrist shot by Jakub Voracek.
14:29 of 1st period - Shot Misses the Net.
15:56 of 1st period - Josh Archibald is hit by Peyton Krebs and loses puck.
16:03 of 1st period - Torey Krug is hit by Josh Archibald and loses puck.
17:00 of 1st period - Snap shot by Sonny Milano.
17:00 of 1st period - Stopped by Stuart Skinner without a rebound.
17:01 of 1st period - Roope Hintz wins face-off versus Sonny Milano in Devils zone.
17:01 of 1st period - Roope Hintz is hit by Kyle Burroughs.
17:15 of 1st period - Wrist shot by Brock McGinn.
17:15 of 1st period - Stopped by Stuart Skinner without a rebound.
17:16 of 1st period - Morgan Frost wins face-off versus Nicklas Backstrom in Devils zone.
17:29 of 1st period - Snap shot by Teuvo Teravainen.
17:29 of 1st period - Stopped by Mike Smith with a rebound.
18:08 of 1st period - Wrist shot by Jesper Bratt.
18:08 of 1st period - Shot Misses the Net.
18:31 of 1st period - Simon Holmstrom is hit by Torey Krug and loses puck.
Goals for this period are 0 for Islanders vs 1 for Devils.
Shots for this period are 4 for Islanders vs 13 for Devils.

2nd period


0:01 of 2nd period - Logan Couture wins face-off versus Josh Bailey in neutral zone.
0:17 of 2nd period - Minor Penalty to Caleb Jones for Hooking.
0:18 of 2nd period - Roope Hintz wins face-off versus Josh Bailey in Islanders zone.
0:19 of 2nd period - Snap shot by Filip Chytil.
0:19 of 2nd period - Stopped by Mike Smith with a rebound.
2:17 of 2nd period - Penalty to Caleb Jones is over, Caleb Jones is back on ice.
3:07 of 2nd period - Wrist shot by Peyton Krebs.
3:07 of 2nd period - Shot Misses the Net.
3:09 of 2nd period - Wrist shot by Teuvo Teravainen.
3:09 of 2nd period - Deflect By Peyton Krebs.
3:09 of 2nd period - Shot Blocked by Caleb Jones.
3:09 of 2nd period - Puck is out of play.
3:10 of 2nd period - Tyler Seguin wins face-off versus Josh Bailey in Islanders zone.
3:15 of 2nd period - Slapshot by Roope Hintz.
3:15 of 2nd period - Shot Misses the Net.
3:17 of 2nd period - Snap shot by Tyler Seguin.
3:17 of 2nd period - Deflect By Kyle Burroughs.
3:17 of 2nd period - Goal by Tyler Seguin - Islanders : 0 - Devils : 2.
3:18 of 2nd period - Roope Hintz wins face-off versus Josh Bailey in neutral zone.
3:23 of 2nd period - Snap shot by Tyler Seguin.
3:23 of 2nd period - Shot Blocked by Robert Bortuzzo.
4:45 of 2nd period - Snap shot by Roope Hintz.
4:45 of 2nd period - Stopped by Mike Smith with a rebound.
5:01 of 2nd period - Filip Chytil is hit by Christian Wolanin and loses puck.
5:06 of 2nd period - Snap shot by Rasmus Asplund.
5:06 of 2nd period - Stopped by Stuart Skinner without a rebound.
5:07 of 2nd period - Rasmus Asplund wins face-off versus Erik Haula in Devils zone.
5:40 of 2nd period - Snap shot by Filip Chytil.
5:40 of 2nd period - Shot Misses the Net.
7:10 of 2nd period - Wrist shot by Rasmus Asplund.
7:10 of 2nd period - Shot Misses the Net.
7:12 of 2nd period - Snap shot by Kyle Burroughs.
7:12 of 2nd period - Deflect By Jesper Bratt.
7:12 of 2nd period - Stopped by Stuart Skinner without a rebound.
7:13 of 2nd period - Josh Bailey wins face-off versus Logan Couture in Devils zone.
7:20 of 2nd period - Sonny Milano is hit by Logan Couture and loses puck.
8:10 of 2nd period - Slapshot by Ondrej Kase.
8:10 of 2nd period - Deflect By Josh Archibald.
8:10 of 2nd period - Shot Blocked by Torey Krug.
8:10 of 2nd period - Puck is out of play.
8:11 of 2nd period - Roope Hintz wins face-off versus Josh Bailey in Devils zone.
8:58 of 2nd period - Icing by Robert Bortuzzo.
8:59 of 2nd period - Morgan Frost wins face-off versus Nicklas Backstrom in Islanders zone.
9:06 of 2nd period - Snap shot by Eetu Luostarinen.
9:06 of 2nd period - Shot Misses the Net.
9:08 of 2nd period - Snap shot by Ryan Pulock.
9:08 of 2nd period - Stopped by Mike Smith with a rebound.
9:10 of 2nd period - Snap shot by Tyler Seguin.
9:10 of 2nd period - Shot Hit the Post.
9:25 of 2nd period - Icing by Victor Hedman.
9:26 of 2nd period - Josh Bailey wins face-off versus Logan Couture in Devils zone.
9:35 of 2nd period - Slapshot by Victor Hedman.
9:35 of 2nd period - Stopped by Mike Smith with a rebound.
9:37 of 2nd period - Snap shot by Teuvo Teravainen.
9:37 of 2nd period - Shot Misses the Net.
9:39 of 2nd period - Wrist shot by Viktor Arvidsson.
9:39 of 2nd period - Shot Misses the Net.
9:45 of 2nd period - Slapshot by Logan Couture.
9:45 of 2nd period - Stopped by Mike Smith with a rebound.
9:54 of 2nd period - Snap shot by Logan Couture.
9:54 of 2nd period - Stopped by Mike Smith without a rebound.
9:55 of 2nd period - Nicklas Backstrom wins face-off versus Roope Hintz in Islanders zone.
10:56 of 2nd period - Snap shot by Brock McGinn.
10:56 of 2nd period - Deflect By Viktor Arvidsson.
10:56 of 2nd period - Stopped by Stuart Skinner with a rebound.
11:17 of 2nd period - Snap shot by Filip Zadina.
11:17 of 2nd period - Stopped by Stuart Skinner without a rebound.
11:17 of 2nd period - Minor Penalty to Stuart Skinner for Slashing.
11:18 of 2nd period - Logan Couture wins face-off versus Josh Bailey in Devils zone.
11:36 of 2nd period - Snap shot by Logan Couture.
11:36 of 2nd period - Shot Misses the Net.
12:15 of 2nd period - Eetu Luostarinen is hit by Kyle Burroughs and loses puck.
13:17 of 2nd period - Penalty to Morgan Frost is over, Morgan Frost is back on ice.
13:17 of 2nd period - Wrist shot by Brock McGinn.
13:17 of 2nd period - Stopped by Stuart Skinner with a rebound.
13:19 of 2nd period - Slapshot by Kyle Burroughs.
13:19 of 2nd period - Shot Blocked by Morgan Frost.
13:21 of 2nd period - Snap shot by Brock McGinn.
13:21 of 2nd period - Goal by Brock McGinn - Islanders : 1 - Devils : 2.
13:22 of 2nd period - Tyler Seguin wins face-off versus Rasmus Asplund in neutral zone.
13:24 of 2nd period - Off-side.
13:25 of 2nd period - Rasmus Asplund wins face-off versus Roope Hintz in neutral zone.
14:59 of 2nd period - Wrist shot by Jesper Bratt.
14:59 of 2nd period - Stopped by Mike Smith without a rebound.
15:00 of 2nd period - Erik Haula wins face-off versus Rasmus Kupari in Islanders zone.
15:01 of 2nd period - Wrist shot by Jesper Bratt.
15:01 of 2nd period - Shot Blocked by Josh Archibald.
15:23 of 2nd period - Minor Penalty to Kyle Burroughs for Diving.
15:24 of 2nd period - Josh Bailey wins face-off versus Jesper Bratt in Islanders zone.
16:22 of 2nd period - Dylan Coghlan is hit by Tyler Seguin and loses puck.
17:23 of 2nd period - Penalty to Kyle Burroughs is over, Kyle Burroughs is back on ice.
17:28 of 2nd period - Rasmus Kupari is hit by Gustav Forsling and loses puck.
17:56 of 2nd period - Icing by Peyton Krebs.
17:57 of 2nd period - Rasmus Asplund wins face-off versus Morgan Frost in Devils zone.
18:11 of 2nd period - Icing by Rasmus Asplund.
18:12 of 2nd period - Roope Hintz wins face-off versus Sonny Milano in Islanders zone.
18:13 of 2nd period - Snap shot by Eetu Luostarinen.
18:13 of 2nd period - Stopped by Mike Smith without a rebound.
18:14 of 2nd period - Roope Hintz wins face-off versus Josh Bailey in Islanders zone.
18:15 of 2nd period - Snap shot by Eetu Luostarinen.
18:15 of 2nd period - Shot Blocked by Sonny Milano.
18:21 of 2nd period - Snap shot by Roope Hintz.
18:21 of 2nd period - Shot Misses the Net.
18:23 of 2nd period - Slapshot by Ryan Pulock.
18:23 of 2nd period - Deflect By Tyler Seguin.
18:23 of 2nd period - Stopped by Mike Smith without a rebound.
18:24 of 2nd period - Teuvo Teravainen wins face-off versus Josh Bailey in Islanders zone.
19:01 of 2nd period - Wrist shot by Tyler Seguin.
19:01 of 2nd period - Stopped by Mike Smith without a rebound.
19:02 of 2nd period - Nicklas Backstrom wins face-off versus Roope Hintz in Islanders zone.
19:06 of 2nd period - Off-side.
19:07 of 2nd period - Logan Couture wins face-off versus Nicklas Backstrom in neutral zone.
19:40 of 2nd period - Snap shot by Milan Lucic.
19:40 of 2nd period - Stopped by Stuart Skinner without a rebound.
19:41 of 2nd period - Erik Haula wins face-off versus Josh Bailey in Devils zone.
19:59 of 2nd period - Minor Penalty to Erik Haula for Hooking.
Goals for this period are 1 for Islanders vs 1 for Devils.
Shots for this period are 7 for Islanders vs 11 for Devils.
Goals for this period are 1 for Islanders vs 1 for Devils.
Shots for this period are 7 for Islanders vs 11 for Devils.

3rd period


0:01 of 3rd period - Roope Hintz wins face-off versus Nicklas Backstrom in neutral zone.
1:01 of 3rd period - Snap shot by Rasmus Kupari.
1:01 of 3rd period - Shot Misses the Net.
1:59 of 3rd period - Penalty to Erik Haula is over, Erik Haula is back on ice.
2:27 of 3rd period - Christian Wolanin is hit by Roope Hintz and loses puck.
3:26 of 3rd period - Simon Holmstrom is hit by Ryan Pulock and loses puck.
3:37 of 3rd period - Tyler Seguin is hit by Dylan Coghlan and loses puck.
3:54 of 3rd period - Will Butcher is hit by Gustav Forsling and loses puck.
4:43 of 3rd period - Dylan Coghlan is hit by Logan Couture and loses puck.
4:56 of 3rd period - Johnathan Kovacevic is hit by Josh Archibald and loses puck.
5:35 of 3rd period - Henri Jokiharju is hit by Will Butcher and loses puck.
6:31 of 3rd period - Snap shot by Brock McGinn.
6:31 of 3rd period - Stopped by Stuart Skinner without a rebound.
6:32 of 3rd period - Morgan Frost wins face-off versus Josh Bailey in Devils zone.
6:55 of 3rd period - Henri Jokiharju is hit by Dylan Coghlan and loses puck.
8:16 of 3rd period - Wrist shot by Josh Archibald.
8:16 of 3rd period - Stopped by Stuart Skinner without a rebound.
8:17 of 3rd period - Josh Bailey wins face-off versus Roope Hintz in Devils zone.
8:18 of 3rd period - Snap shot by Brock McGinn.
8:18 of 3rd period - Stopped by Stuart Skinner with a rebound.
8:20 of 3rd period - Slapshot by Robert Bortuzzo.
8:20 of 3rd period - Shot Misses the Net.
8:22 of 3rd period - Wrist shot by Caleb Jones.
8:22 of 3rd period - Stopped by Stuart Skinner without a rebound.
8:23 of 3rd period - Tyler Seguin wins face-off versus Josh Bailey in Devils zone.
8:39 of 3rd period - Slapshot by Sonny Milano.
8:39 of 3rd period - Shot Blocked by Henri Jokiharju.
8:45 of 3rd period - Minor Penalty to Henri Jokiharju for Holding.
8:46 of 3rd period - Nicklas Backstrom wins face-off versus Roope Hintz in Devils zone.
9:41 of 3rd period - Snap shot by Nicklas Backstrom.
9:41 of 3rd period - Stopped by Stuart Skinner without a rebound.
9:42 of 3rd period - Roope Hintz wins face-off versus Rasmus Kupari in Devils zone.
9:53 of 3rd period - Gustav Forsling is hit by Milan Lucic and loses puck.
10:08 of 3rd period - Caleb Jones is hit by Johnathan Kovacevic and loses puck.
10:45 of 3rd period - Penalty to Henri Jokiharju is over, Henri Jokiharju is back on ice.
10:49 of 3rd period - Off-side.
10:50 of 3rd period - Morgan Frost wins face-off versus Filip Zadina in neutral zone.
10:59 of 3rd period - Wrist shot by Peyton Krebs.
10:59 of 3rd period - Stopped by Mike Smith with a rebound.
11:01 of 3rd period - Wrist shot by Teuvo Teravainen.
11:01 of 3rd period - Shot Misses the Net.
11:03 of 3rd period - Snap shot by Morgan Frost.
11:03 of 3rd period - Shot Blocked by Simon Holmstrom.
11:05 of 3rd period - Snap shot by Teuvo Teravainen.
11:05 of 3rd period - Shot Misses the Net.
11:07 of 3rd period - Wrist shot by Teuvo Teravainen.
11:07 of 3rd period - Stopped by Mike Smith with a rebound.
11:17 of 3rd period - Snap shot by Josh Bailey.
11:17 of 3rd period - Shot Misses the Net.
11:19 of 3rd period - Snap shot by Josh Bailey.
11:19 of 3rd period - Shot Blocked by Gustav Forsling.
11:21 of 3rd period - Wrist shot by Josh Bailey.
11:21 of 3rd period - Shot Misses the Net.
11:23 of 3rd period - Wrist shot by Sonny Milano.
11:23 of 3rd period - Shot Blocked by Gustav Forsling.
11:48 of 3rd period - Off-side.
11:49 of 3rd period - Viktor Arvidsson wins face-off versus Nicklas Backstrom in neutral zone.
11:51 of 3rd period - Off-side.
11:52 of 3rd period - Logan Couture wins face-off versus Nicklas Backstrom in neutral zone.
12:04 of 3rd period - Slapshot by Viktor Arvidsson.
12:04 of 3rd period - Shot Misses the Net.
12:08 of 3rd period - Slapshot by Logan Couture.
12:08 of 3rd period - Deflect By Nicklas Backstrom.
12:08 of 3rd period - Shot Misses the Net.
12:08 of 3rd period - Puck is out of play.
12:09 of 3rd period - Roope Hintz wins face-off versus Josh Bailey in Islanders zone.
12:18 of 3rd period - Snap shot by Eetu Luostarinen.
12:18 of 3rd period - Stopped by Mike Smith with a rebound.
12:24 of 3rd period - Snap shot by Sonny Milano.
12:24 of 3rd period - Deflect By Brock McGinn.
12:24 of 3rd period - Shot Blocked by Ryan Pulock.
12:24 of 3rd period - Puck is out of play.
12:25 of 3rd period - Jakub Voracek wins face-off versus Logan Couture in Devils zone.
12:32 of 3rd period - Slapshot by Nicklas Backstrom.
12:32 of 3rd period - Shot Blocked by Victor Hedman.
13:37 of 3rd period - Wrist shot by Teuvo Teravainen.
13:37 of 3rd period - Stopped by Mike Smith without a rebound.
13:38 of 3rd period - Josh Bailey wins face-off versus Logan Couture in Islanders zone.
13:45 of 3rd period - Snap shot by Brock McGinn.
13:45 of 3rd period - Stopped by Stuart Skinner with a rebound.
13:47 of 3rd period - Snap shot by Sonny Milano.
13:47 of 3rd period - Deflect By Brock McGinn.
13:47 of 3rd period - Stopped by Stuart Skinner with a rebound.
13:49 of 3rd period - Wrist shot by Josh Bailey.
13:49 of 3rd period - Stopped by Stuart Skinner without a rebound.
13:50 of 3rd period - Logan Couture wins face-off versus Josh Bailey in Devils zone.
13:50 of 3rd period - Logan Couture is hit by Robert Bortuzzo.
14:38 of 3rd period - Slapshot by Jesper Bratt.
14:38 of 3rd period - Stopped by Mike Smith with a rebound.
15:06 of 3rd period - Snap shot by Morgan Frost.
15:06 of 3rd period - Stopped by Mike Smith with a rebound.
15:10 of 3rd period - Wrist shot by Teuvo Teravainen.
15:10 of 3rd period - Shot Misses the Net.
15:32 of 3rd period - Snap shot by Sonny Milano.
15:32 of 3rd period - Deflect By Josh Bailey.
15:32 of 3rd period - Stopped by Stuart Skinner with a rebound.
15:34 of 3rd period - Wrist shot by Brock McGinn.
15:34 of 3rd period - Shot Blocked by Viktor Arvidsson.
17:47 of 3rd period - Wrist shot by Ondrej Kase.
17:47 of 3rd period - Shot Hit the Post.
17:49 of 3rd period - Slapshot by Kyle Burroughs.
17:49 of 3rd period - Shot Blocked by Henri Jokiharju.
18:21 of 3rd period - Torey Krug is hit by Dylan Coghlan and loses puck.
19:04 of 3rd period - Snap shot by Erik Haula.
19:04 of 3rd period - Shot Misses the Net.
19:21 of 3rd period - Icing by Robert Bortuzzo.
19:22 of 3rd period - Erik Haula wins face-off versus Josh Bailey in Islanders zone.
Goals for this period are 0 for Islanders vs 0 for Devils.
Shots for this period are 9 for Islanders vs 6 for Devils.